Construct Section Command Post
Selects Heavy Armor Battlegroup
Construct Platoon Command Post
Unlock M3 Stuart Light Tanks
Selects Light Vehicle Withdraw and Refit
Selects Engineer Detachments
Selects Forward Repair Assembly
6-pounder Anti-tank Gun Team
6-pounder Anti-tank Gun Team
Selects Light Vehicle Withdraw and Refit
Construct Company Command Post
Selects Churchill Black Prince Heavy Tank
Churchill Black Prince Heavy Tank
Unlock Towed 17-pounder Anti-tank Guns
17-pounder Anti-tank Gun Team
17-pounder Anti-tank Gun Team